 Dungeon Crawl Stone Soup version 0.20.0-10-g0535bb4 (webtiles) character file.

10521 Raukatau the Severer (level 11, -9/99 HPs)
             Began as a Minotaur Berserker on June 7, 2017.
             Was a High Priest of Trog.
             Mangled by a basilisk (16 damage)
             ... on level 10 of the Dungeon.
             The game lasted 00:45:11 (9664 turns).

Raukatau the Severer (Minotaur Berserker)           Turns: 9664, Time: 00:45:13

Health: -9/99      AC:  9    Str: 23    XL:     11   Next: 37%
Magic:  19/19      EV: 10    Int:  6    God:    Trog [*****.]
Gold:   754        SH:  0    Dex: 10    Spells: 10/10 levels left

rFire    + . .     SeeInvis .   K - +6 battleaxe
rCold    . . .     Gourm    .   (shield currently unavailable)
rNeg     . . .     Faith    .   n - +1 scale mail
rPois    .         Spirit   .   (helmet restricted)
rElec    .         Reflect  .   (no cloak)
rCorr    .         Harm     .   (no gloves)
MR       ++...                  C - +0 pair of boots
Stlth    ..........             (no amulet)
Regen    1.3/turn               G - ring of magical power
MPRegen  0.2/turn               J - ring of protection from fire

@: berserk cooldown, regenerating, slowed, very slow
A: retaliatory headbutt, horns 2
a: Berserk, Trog's Hand, Brothers in Arms, Burn Spellbooks, Renounce Religion


You were on level 10 of the Dungeon.
You worshipped Trog.
Trog was extremely pleased with you.
You were near starving.

You visited 1 branch of the dungeon, and saw 10 of its levels.

You collected 754 gold pieces.

Inventory:

Hand Weapons
 d - a +0 blowgun
 f - a +1 short sword of venom
 h - a +0 hunting sling
 s - a +0 falchion of flaming
 B - a +0 war axe
 E - a +0 trident
 H - a +1 spear of venom
 K - a +6 battleaxe (weapon)
Missiles
 a - 5 tomahawks
 b - 59 sling bullets
 g - 98 poisoned needles
 k - 328 stones
 x - 7 javelins (quivered)
Armour
 n - a +1 scale mail (worn)
 C - a +0 pair of boots (worn)
Jewellery
 G - a ring of magical power (left hand)
 J - a ring of protection from fire (right hand)
Wands
 y - a wand of random effects (26/48)
 F - a wand of digging (10/24)
Scrolls
 p - 6 scrolls of remove curse
 q - 3 scrolls of enchant armour
 r - a scroll of fear
 u - 4 scrolls of teleportation
 D - 2 scrolls of blinking
 I - 2 scrolls of fog {unknown}
 M - a scroll of enchant weapon
 N - a scroll of identify
Potions
 e - 2 potions of curing
 j - a potion of lignification {unknown}
 l - 2 potions of haste {unknown}
 m - a potion of might {unknown}
 o - 2 potions of cancellation {unknown}
 v - 3 potions of brilliance
 w - 3 potions of heal wounds
Books
 z - a book of Callings

   Spells                             Type                      Level
   a - Summon Small Mammal            Summoning                    1
   b - Call Imp                       Summoning                    2
   c - Call Canine Familiar           Summoning                    3
   d - Summon Guardian Golem          Hexes/Summoning              3
   e - Summon Lightning Spire         Summoning/Air                4
   f - Summon Ice Beast               Ice/Summoning                4
   Trog disapproves of the use of such an item.
Comestibles
 c - 6 bread rations
 i - 7 royal jellies
 t - 5 meat rations
 A - 12 fruits
 L - 10 chunks of flesh


   Skills:
 + Level 9.8 Fighting
 + Level 18.1 Axes
 - Level 3.4 Armour
 - Level 2.1 Dodging


You had 10 spell levels left.
You didn't know any spells.

Dungeon Overview and Level Annotations

Branches:
Dungeon (10/15)            Temple (0/1) D:6
   Lair: D:8-11         Orc: D:9-12

Altars:
Dithmenos
Elyvilon
Gozag
Makhleb
Nemelex Xobeh
Ru
Sif Muna
Trog
Yredelemnul
Zin
Beogh


Innate Abilities, Weirdness & Mutations

You reflexively headbutt those who attack you in melee.
You have a pair of horns on your head.


Message History

Your two-headed ogre hits the orc warrior with a giant club!!
The orc warrior dies!
Trog accepts your kill.
You see here a stone.
The orc hits your two-headed ogre with a hand axe.
The basilisk bites you!
* * * LOW HITPOINT WARNING * * *
Your two-headed ogre hits the orc with a giant club!!
The orc dies!
Trog accepts your kill.
You hit the basilisk.
The basilisk is lightly wounded.
The basilisk bites you but does no damage.
You barely miss the basilisk. You headbutt the basilisk!
The basilisk is heavily wounded.
Your two-headed ogre hits the orc with a giant club!!
The orc dies!
Trog accepts your kill. The basilisk bites you!
You die...

.o # #. ... ..o#... #.#
.... ⌠.o8.#. #.# .....
...o... #?###### .....#
...8.o)##......# P....#
#)).)).#### ....#
.#.###.O(((###...###...#
##
#.F....))).(.l#.##.....
.
#..###..####@.........#
.# .... #..#
#..##.###..##.# ...#
#..# #)....# #.....#
.### #..#
#..##.###...###### #.
#..# #..##.............
#..# #..###)).)).# #..#
#........#†##
#.#......##.#
##......###.#


You could see a basilisk and a friendly two-headed ogre (berserk).

Vanquished Creatures
  A hydra (D:8)
  3 two-headed ogres
  An unseen horror (D:9)
  An elephant (D:10)
  The ghost of moxian the Slinger, a novice HaHu (D:4)
  A troll (D:9)
  2 hippogriffs
  2 dream sheep (D:8)
  Sigmund (D:6)
  2 yaks (D:8)
  A basilisk (D:10)
  A hungry ghost (D:9)
  A steam dragon (D:8)
  2 water moccasins
  A sky beast (D:10)
  2 ice beasts (D:9)
  11 orc warriors
  A phantom (D:8)
  2 eyes of draining (D:7)
  5 ogres
  6 centaurs
  5 big kobolds
  3 bullfrogs
  2 gnoll sergeants (D:6)
  A wyvern skeleton (D:9)
  A scorpion (D:9)
  4 killer bees (D:8)
  A howler monkey (D:9)
  2 crimson imps
  A quasit (D:7)
  2 jellies
  A gnoll shaman (D:6)
  2 bullfrog skeletons
  7 orc priests
  2 hounds (D:6)
  2 centaur skeletons
  2 iguanas
  Jessica (D:2)
  8 orc wizards
  3 worker ants
  A hound skeleton (D:7)
  11 gnolls
  A howler monkey skeleton (D:7)
  14 adders
  3 shadow imps
  An adder zombie (D:7)
  3 adder skeletons
  6 worms
  5 dart slugs
  8 leopard geckos
  31 orcs
  8 bats
  9 giant cockroaches
  10 goblins
  16 hobgoblins
  15 jackals
  6 quokkas
  A ball python (D:5)
  6 frilled lizards
  A jackal zombie (D:7)
  19 kobolds
  A leopard gecko skeleton (D:3)
  11 rats
  2 plants (D:6)
287 creatures vanquished.

Vanquished Creatures (collateral kills)
  An orc warrior (D:10)
  3 orcs (D:10)
4 creatures vanquished.

Vanquished Creatures (others)
  A shadow imp (D:8)
1 creature vanquished.

Grand Total: 292 creatures vanquished

Notes
Turn   | Place    | Note
-------+----------+-------------------------------------------
     0 | D:1      | Raukatau the Minotaur Berserker began the quest for the Orb.
     0 | D:1      | Reached XP level 1. HP: 19/19 MP: 0/0
    24 | D:1      | Reached skill level 4 in Axes
   143 | D:1      | Reached XP level 2. HP: 26/26 MP: 1/1
   491 | D:1      | Reached skill level 5 in Axes
   519 | D:1      | Reached ** piety under Trog
   671 | D:1      | Reached XP level 3. HP: 31/31 MP: 2/2
  1182 | D:2      | Noticed Jessica
  1197 | D:2      | Killed Jessica
  1197 | D:2      | Reached skill level 6 in Axes
  1197 | D:2      | Reached XP level 4. HP: 39/39 MP: 3/3
  1632 | D:2      | Reached skill level 7 in Axes
  1632 | D:2      | Reached XP level 5. HP: 37/45 MP: 4/4
  2307 | D:3      | Reached *** piety under Trog
  2607 | D:3      | Found a basalt altar of Yredelemnul.
  2701 | D:3      | Found a faded altar of an unknown god.
  2826 | D:3      | Found a white marble altar of Elyvilon.
  3341 | D:4      | Reached skill level 8 in Axes
  3529 | D:4      | Noticed moxian's ghost (novice HaHu)
  3542 | D:4      | Killed moxian's ghost
  3542 | D:4      | Reached skill level 9 in Axes
  3542 | D:4      | Reached XP level 6. HP: 50/51 MP: 5/5
  3557 | D:4      | Reached XP level 7. HP: 24/57 MP: 6/6
  3968 | D:5      | Entered Level 5 of the Dungeon
  4172 | D:5      | Found a glowing silver altar of Zin.
  4433 | D:5      | Reached skill level 10 in Axes
  4597 | D:5      | Found a deep blue altar of Sif Muna.
  4597 | D:5      | Found a burning altar of Makhleb.
  4616 | D:5      | Found an opulent altar of Gozag.
  4618 | D:5      | Found a sparkling altar of Nemelex Xobeh.
  4620 | D:5      | Found a shadowy altar of Dithmenos.
  4990 | D:6      | Reached **** piety under Trog
  4993 | D:6      | Reached skill level 11 in Axes
  4993 | D:6      | Reached XP level 8. HP: 67/67 MP: 7/7
  5029 | D:6      | Noticed Sigmund
  5039 | D:6      | Killed Sigmund
  5091 | D:6      | Reached skill level 12 in Axes
  5220 | D:6      | Found a sacrificial altar of Ru.
  5385 | D:6      | Reached skill level 13 in Axes
  5669 | D:6      | Reached XP level 9. HP: 67/72 MP: 8/8
  6039 | D:6      | Found a staircase to the Ecumenical Temple.
  6101 | D:7      | Reached skill level 14 in Axes
  6186 | D:7      | Found a bloodstained altar of Trog.
  6200 | D:7      | Reached ***** piety under Trog
  6245 | D:7      | Reached skill level 15 in Axes
  6876 | D:8      | Noticed a two-headed ogre
  6880 | D:8      | Killed a two-headed ogre
  6912 | D:8      | Reached skill level 16 in Axes
  6916 | D:8      | Reached XP level 10. HP: 51/80 MP: 9/9
  7499 | D:8      | Received a gift from Trog
  7589 | D:8      | Reached skill level 5 in Fighting
  7717 | D:8      | Noticed a two-headed hydra
  7723 | D:8      | Killed a five-headed hydra
  7723 | D:8      | Reached skill level 17 in Axes
  7970 | D:8      | Noticed a two-headed ogre
  7974 | D:8      | Killed a two-headed ogre
  8592 | D:9      | Noticed a two-headed ogre
  8600 | D:9      | Killed a two-headed ogre
  8600 | D:9      | Reached XP level 11. HP: 95/95 MP: 10/10
  8796 | D:9      | Killed an unseen horror
  9509 | D:10     | Entered Level 10 of the Dungeon
  9628 | D:10     | Reached skill level 18 in Axes
  9639 | D:10     | Found a roughly hewn altar of Beogh.
  9657 | D:10     | HP: 3/99 [orc warrior/dire flail (4)]
  9662 | D:10     | HP: 4/99 [basilisk (8)]
  9664 | D:10     | Mangled by a basilisk

Skill      XL: |  1  2  3  4  5  6  7  8  9 10 11 |
---------------+----------------------------------+-----
Axes           | 4 5 6 7 9 11 13 16 17 18 | 18.1
Fighting       | 4 8 9 |  9.8
Armour         | 3 |  3.4
Dodging        | |  2.1

Action                   |  1- 3 |  4- 6 |  7- 9 | 10-12 || total
-------------------------+-------+-------+-------+-------++-------
Melee: Hand axe          |    10 |    14 |    33 |       ||    57
       Short sword       |    65 |   126 |       |       ||   191
       Headbutt          |     7 |    25 |    32 |    35 ||    99
       War axe           |       |       |   191 |    55 ||   246
       Battleaxe         |       |       |       |   149 ||   149
Invok: Berserk           |     6 |     2 |    12 |    10 ||    30
       Trog's Hand       |     1 |     1 |     2 |     1 ||     5
       Burn Spellbooks   |       |       |     1 |     1 ||     2
       Brothers in Arms  |       |       |       |     1 ||     1
  Use: Scroll            |     3 |     4 |     6 |     3 ||    16
 Stab: Invisible         |       |       |     1 |       ||     1
  Eat: Chunk             |     6 |     7 |    23 |    14 ||    50
       Royal jelly       |       |     1 |       |       ||     1
       Fruit             |       |       |     2 |     3 ||     5
Armor: Animal skin       |     7 |       |       |       ||     7
       Scale mail        |    16 |    66 |    68 |    63 ||   213
Dodge: Dodged            |    43 |    60 |    98 |    78 ||   279
